 Dungeon Crawl Stone Soup version 0.24-a0-525-g9231cdcba1 (webtiles) character file.

Game seed: 16360340792144430540

99 Peloso the Covered (level 4, -1/40 HPs)
             Began as a Minotaur Fighter on Aug 3, 2019.
             Slain by an iguana (3 damage)
             ... on level 3 of the Dungeon.
             The game lasted 00:02:24 (1587 turns).

Peloso the Covered (Minotaur Fighter)               Turns: 1587, Time: 00:02:24

Health: -1/40      AC:  7    Str: 21    XL:     4   Next: 45%
Magic:  3/3        EV:  8    Int:  5    God:
Gold:   155        SH:  9    Dex: 10    Spells: 3/3 levels left

rFire    . . .     SeeInvis .   a - +1 long sword
rCold    . . .     Gourm    .   c - +0 shield
rNeg     . . .     Faith    .   b - +0 scale mail
rPois    .         Spirit   .   (helmet restricted)
rElec    .         Reflect  .   (no cloak)
rCorr    .         Harm     .   (no gloves)
MR       .....                  (no boots)
Stlth    ..........             (no amulet)
HPRegen  0.13/turn              (no ring)
MPRegen  0.08/turn              (no ring)

@: no status effects
A: retaliatory headbutt, horns 2
a: no special abilities


You were on level 3 of the Dungeon.
You were not hungry.

You visited 1 branch of the dungeon, and saw 3 of its levels.

You collected 155 gold pieces.

Inventory:

Hand Weapons
 a - a +1 long sword (weapon)
 o - a +0 hand axe of flaming
Armour
 b - a +0 scale mail (worn)
 c - a +0 shield (worn)
Jewellery
 j - a +6 ring of intelligence {unknown}
Scrolls
 g - a scroll of remove curse {unknown}
 k - a scroll of fear {unknown}
Potions
 d - a potion of might
 e - a potion of cancellation {unknown}
 h - 2 potions of curing {unknown}
 i - a potion of heal wounds {unknown}
 l - a potion of brilliance {unknown}
 n - a potion of flight {unknown}
Comestibles
 f - 6 rations
 m - 2 chunks of flesh


   Skills:
 + Level 4.2 Fighting
 + Level 3.8 Long Blades
 + Level 4.4 Armour
 + Level 0.9 Dodging
 + Level 4.3 Shields


You had 3 spell levels left.
You didn't know any spells.
Your spell library contained the following spells:

 Spells                   Type           Power        Failure   Level  Hunger
 Animate Skeleton         Necr           N/A          99%         1    ##.....
 Pain                     Necr           #...         99%         1    ##.....
 Regeneration             Chrm/Necr      #.........   100%        3    ####...
 Vampiric Draining        Necr           #.........   100%        3    ####...
 Animate Dead             Necr           N/A          100%        4    #####..


Dungeon Overview and Level Annotations

Branches:
Dungeon (3/15)

Altars:
Cheibriados
Dithmenos
Fedhas
Gozag
Nemelex Xobeh
Xom
The Shining One

Annotations:
D:3 3 runed translucent doors, motoroller71's ghost, weakling DsGl


Innate Abilities, Weirdness & Mutations

You reflexively headbutt those who attack you in melee.
You have a pair of horns on your head.


Message History

The iguana bites you! The iguana bites you.
You hit the iguana.
The iguana is moderately wounded.
The iguana bites you!
* * * LOW HITPOINT WARNING * * *
You hit the iguana.
The iguana is severely wounded.
The iguana bites you!
* * * LOW HITPOINT WARNING * * *
You hit the iguana.
The iguana is severely wounded.
The iguana bites you but does no damage.
You barely miss the iguana.
You headbutt the iguana, but do no damage.
The iguana is severely wounded.
The iguana barely misses you. You block the iguana's attack.
You closely miss the iguana. You headbutt the iguana.
The iguana is almost dead.
The iguana bites you.
You die...

.## #.......### ..#
#......... ..
#........ ..##.######
#.......###..........
#.......##......###..
..$....##.⌠..P..#...
##.l.# #....P≈P.#.#.
#..@# ##....P≈P.....
#...#.###...#.....<..#
#.# #.##...##'....##.#
# #.##..##_##...##.#
#......###....##.#
##..#...#..#.#...#
##.#.#...##...#.#
#...###.....##.#
......#######...#


You could see an iguana.

Vanquished Creatures
  Natasha (D:2)
  2 adders
  An ooze (D:1)
  3 leopard geckos
  3 bats
  3 giant cockroaches (D:1)
  9 goblins
  5 hobgoblins
  2 jackals (D:1)
  A quokka (D:2)
  A ball python (D:3)
  3 frilled lizards (D:2)
  6 kobolds
  8 rats
48 creatures vanquished.

Notes
Turn   | Place    | Note
-------+----------+-------------------------------------------
     0 | D:1      | Peloso the Minotaur Fighter began the quest for the Orb.
     0 | D:1      | Reached XP level 1. HP: 19/19 MP: 0/0
   112 | D:1      | Reached XP level 2. HP: 25/27 MP: 1/1
   329 | D:1      | Reached XP level 3. HP: 33/33 MP: 2/2
  1029 | D:2      | Found a blossoming altar of Fedhas.
  1057 | D:2      | Found a snail-covered altar of Cheibriados.
  1059 | D:2      | Found a shadowy altar of Dithmenos.
  1059 | D:2      | Found a shimmering altar of Xom.
  1159 | D:2      | Noticed Natasha
  1166 | D:2      | Killed Natasha
  1166 | D:2      | Reached XP level 4. HP: 31/40 MP: 3/3
  1362 | D:2      | Found an opulent altar of Gozag.
  1362 | D:2      | Found a sparkling altar of Nemelex Xobeh.
  1462 | D:3      | Found a runed translucent gate.
  1462 | D:3      | Found a runed translucent gate.
  1464 | D:3      | Found a runed translucent gate.
  1472 | D:3      | Noticed motoroller71's ghost (weakling DsGl)
  1555 | D:3      | Found a glowing golden altar of the Shining One.
  1584 | D:3      | HP: 1/40 [iguana (9)]
  1587 | D:3      | Slain by an iguana

Levels and vault maps discovered:
D:1:      nzn_arrival_crosshair, layout_basic, wad_floor_pattern_untrapped
D:2:      layout_loops_ring, grunt_temple_overflow_opulence,
          chequers_temple_overflow_statue_of_worship, marbit_many_paths,
          first_ration, uniq_natasha
D:3:      layout_rooms, tso_oasis_becter, chequers_ecumenical_altar_simple,
          gammafunk_ghost_split, minmay_increasing_density, uniq_robin,
          uniq_terence

Skill      XL: |  1  2  3 |
---------------+----------+-----
Shields        | 4 |  4.3
Fighting       | 4 |  4.2
Armour         | 4 |  4.4
Long Blades    | 3 |  3.8
Dodging        | |  0.9

Action                   |  1- 3 |  4- 6 || total
-------------------------+-------+-------++-------
Melee: Long sword        |    90 |    32 ||   122
       Headbutt          |    14 |     3 ||    17
  Use: Scroll            |     1 |       ||     1
  Eat: Chunk             |       |     2 ||     2
Armor: Scale mail        |    36 |    15 ||    51
Dodge: Dodged            |    23 |    12 ||    35
Block: Shield            |    51 |    13 ||    64
       Rpst.: Long sword |     4 |     2 ||     6

Table legend:
 A = Non-vault XP
 B = Vault XP
 C = Vault XP percentage of total XP
 D = Non-vault monster count
 E = Vault monster count
 F = Vault count percentage of total count
                 A         B        C        D         E       F
            +---------+---------+-------+---------+---------+-------
      Total |     104 |      38 |  26.8 |      46 |       2 |   4.2
            +---------+---------+-------+---------+---------+-------
        D:1 |      51 |       0 |   0.0 |      24 |       0 |   0.0
        D:2 |      33 |      38 |  53.5 |      15 |       2 |  11.8
        D:3 |      20 |       0 |   0.0 |       7 |       0 |   0.0
            +---------+---------+-------+---------+---------+-------
